 Dungeon Crawl Stone Soup version 0.28.0 (webtiles) character file.

Game seed: 6809307175698762797

3816 AmazingTV the Protected (level 9, -8/82 HPs)
             Began as a Minotaur Fighter on Mar 20, 2024.
             Was a Believer of Okawaru.
             Mangled by an ancient zyme (12 damage)
             ... on level 2 of the Abyss.
             The game lasted 00:25:11 (11929 turns).

AmazingTV the Protected (Minotaur Fighter)         Turns: 11929, Time: 00:25:12

Health: -8/82      AC:  8    Str: 24    XL:     9   Next: 97%
Magic:  8/8        EV: 11    Int:  5    God:    Okawaru [**....]
Gold:   352        SH:  6    Dex: 11    Spells: 8/8 levels left

rFire   . . .      SeeInvis .   a - +0 war axe {axe}
rCold   . . .      Faith    .   c - +0 buckler
rNeg    . . .      Spirit   .   r - +0 steam dragon scales
rPois   .          Reflect  .   (helmet restricted)
rElec   .          Harm     .   E - +0 cloak
rCorr   .          Rampage  .   (no gloves)
Will    .....                   (no boots)
Stlth   +.........              (no amulet)
HPRegen 0.00/turn               (no ring)
MPRegen 0.11/turn               (no ring)

@: sick
A: horns 2, retaliatory headbutt
a: Renounce Religion, Heroism


You were on level 2 of the Abyss.
You worshipped Okawaru.
Okawaru was pleased with you.
You visited 2 branches of the dungeon, and saw 10 of its levels.
You visited the Abyss 1 time.

You collected 430 gold pieces.
You spent 78 gold pieces at shops.


Innate Abilities, Weirdness & Mutations

You have a pair of horns on your head.
You reflexively headbutt those who attack you in melee.


   Skills:
 + Level 8.5 Fighting
 + Level 8.1(9.5) Axes
 + Level 7.5(9.2) Maces & Flails
 + Level 8.5 Armour
 + Level 8.5 Shields


You had 8 spell levels left.
You didn't know any spells.
Your spell library contained the following spells:

 Spells                   Type           Power      Damage    Failure   Level
 Apportation              Tloc           0%         N/A       54%         1
 Beastly Appendage        Tmut           0%         N/A       54%         1
 Freeze                   Ice            0%         1d3       54%         1
 Magic Dart               Conj           0%         1d3       54%         1
 Pain                     Necr           0%         1d4       54%         1
 Sting                    Tmut/Pois      0%         1d3       54%         1
 Ensorcelled Hibernation  Hex/Ice        0%         N/A       69%         2
 Passwall                 Tmut/Erth      0%         N/A       69%         2
 Wereblood                Tmut           0%         N/A       69%         2
 Conjure Flame            Conj/Fire      0%         6-21      89%         3
 Frozen Ramparts          Ice            0%         1d2       89%         3
 Ignite Poison            Fire/Tmut/Pois 0%         N/A       89%         3
 Mephitic Cloud           Conj/Pois/Air  0%         N/A       89%         3
 Spider Form              Tmut/Pois      0%         N/A       89%         3
 Vampiric Draining        Necr           0%         2d6       89%         3
 Anguish                  Hex/Necr       0%         N/A       100%        4
 Hailstorm                Conj/Ice       0%         3d3       100%        4
 Sticky Flame             Conj/Fire      0%         2d3       100%        4
 Iskenderun's Battlesphe  Conj           0%         2d6       100%        5
 Iron Shot                Conj/Erth      0%         9d1       100%        6
 Ozocubu's Refrigeration  Ice            0%         4d5       100%        7
 Animate Skeleton         Necr           Unusable   N/A       N/A         1
 Summon Small Mammal      Summ           Unusable   N/A       N/A         1
 Call Imp                 Summ           Unusable   N/A       N/A         2
 Simulacrum               Ice/Necr       Unusable   N/A       N/A         6
 Spellforged Servitor     Conj/Summ      Unusable   N/A       N/A         7

Inventory:

Hand Weapons
 a - a +0 war axe (weapon) {axe}
 b - a +0 hunting sling {sling}
   (You found it on level 2 of the Dungeon)
 q - a +0 hand axe {axe}
   (You took it off an orc priest on level 3 of the Dungeon)
 u - a +2 trident of protection {polearm}
   (You found it on level 4 of the Dungeon)
 v - a +2 shortbow of flaming {bow}
   (You took it off a centaur on level 8 of the Dungeon)
 D - a +3 trident of venom {polearm}
   (You found it on level 6 of the Dungeon)
 O - a +5 short sword of freezing {short}
   (You took it off Duvessa on level 7 of the Dungeon)
 R - a +4 halberd {polearm}
   (You took it off a wight on level 2 of the Abyss)
Missiles
 f - 301 stones
 g - 19 poisoned darts
 i - 6 boomerangs
 k - 11 javelins (quivered)
 m - 40 bolts
 o - 167 arrows
 K - 14 boomerangs of dispersal {=f!f}
 M - 51 sling bullets
Armour
 c - a +0 buckler (worn)
 p - a +0 scale mail
 r - +0 steam dragon scales (worn)
   (You took it off Maggie on level 8 of the Dungeon)
 E - a +0 cloak (worn)
   (You found it on level 6 of the Dungeon)
 Q - the +3 leather armour of the Goldsmith {rN+ Dex-4 SInv}
   (You found it on level 8 of the Dungeon)

   Dex:       It affects your dexterity (-4).
   rN:        It protects you from negative energy.
   SInv:      It lets you see invisible.
Magical Staves
 y - a staff of conjuration {!astaff}
   (You found it on level 4 of the Dungeon)
 A - a staff of conjuration {!astaff}
   (You found it on level 5 of the Dungeon)
 F - a staff of cold {!astaff}
   (You found it on level 6 of the Dungeon)
Jewellery
 x - a ring of protection from fire
   (You found it on level 4 of the Dungeon)
 I - the ring "Elarux" {Ice rElec Will- rCorr Int+7}
   (You found it on level 6 of the Dungeon)

   [ring of ice]

   It enhances your ice magic.
   Int:       It affects your intelligence (+7).
   rF:        It makes you vulnerable to fire.
   rC:        It protects you from cold.
   rElec:     It insulates you from electricity.
   rCorr:     It protects you from acid and corrosion.
   Will:      It decreases your willpower.
Wands
 G - a wand of flame (25)
   (You found it on level 6 of the Dungeon)
Scrolls
 e - 3 scrolls of teleportation {@r4}
 h - 5 scrolls of identify {@r1}
 n - 2 scrolls of immolation {!r!r}
 t - 2 scrolls of enchant armour {unknown}
 w - a scroll of holy word {unknown}
 z - a scroll of summoning {unknown}
 B - a scroll of silence {unknown}
 C - 2 scrolls of amnesia {unknown}
 J - a scroll of brand weapon {unknown}
 L - 2 scrolls of noise {!r}
 N - a scroll of fog {unknown}
 P - a scroll of blinking {unknown}
Potions
 d - a potion of might
 j - 2 potions of cancellation
 l - 2 potions of heal wounds {@q2}
 s - 3 potions of curing {unknown}
 H - a potion of mutation {unknown}

Dungeon Overview and Level Annotations

Branches:
Dungeon (9/15)             Temple (1/1) D:7
   Lair: D:8-11         Orc: D:9-12

Altars:
Ashenzari
Cheibriados
Dithmenos
Elyvilon
Fedhas
Gozag
Hepliaklqana
Kikubaaqudgha
Makhleb
Nemelex Xobeh
Okawaru
Qazlal
Ru
Sif Muna
Trog
Uskayaw
Vehumet
Wu Jian
Xom
Zin
The Shining One

Shops:
D:1 =   D:7 ?

Annotations:
D:9 Erolcha

X# #. #.##.
# .... #.
###### .. .
.##.#.##..
.#
##....#.#5##
#.5#.##....#
# ##x##x
...# .
#@####)#..
#. #.# ..#
.# .#.# #..#
#[.# ##.#
#.#### ..#
## . #


You could see an ancient zyme and an iron imp.


Message History

The wraith drains your vigour!
You feel yourself slow down. 😕 HP[-12]
You take 12 damage, and now have 70/82 hp.
You slash the wraith! The wraith hits you! The wraith drains your vigour!
You feel as though you will be slow longer. 😮 HP[-12]
You take 12 damage, and now have 58/82 hp.
You slash the wraith!
You destroy the wraith!
That felt strangely unrewarding. 😮 HP[+1]
You start resting.
You feel yourself speed up.
A wight comes into view. It is wielding a +4 halberd. 😕 HP[+18]
You regained 18 hp, and now have 77/82 hp. 😕 HP[+1]
The wight barely misses you. You block the wight's attack.
You slice the wight!!
You destroy the wight!
That felt strangely unrewarding.
R - a +4 halberd {polearm} You see here a +0 robe. 😕 HP[+1] 😕 HP[+1]
A wight comes into view.
It is wielding a +2 battleaxe of freezing.
A harpy zombie comes into view. 😕 HP[+1]
An iron imp comes into view.
The iron imp shouts, "Scamper hence, thou pandering motley-minded horn-beast!"
You hit the wight. You headbutt the wight!
You hear a shout!
The wight barely misses you.
You hit the wight but do no damage. The wight barely misses you.
You furiously retaliate!
You headbutt the wight. You slash the wight!
You destroy the wight!
That felt strangely unrewarding.
The harpy zombie claws you! The harpy zombie claws you.
You feel yourself growing ill in the presence of the ancient zyme. 😕 HP[-7]
You take 7 damage, and now have 74/82 hp.
You hit the harpy zombie. You headbutt the harpy zombie.
The harpy zombie claws you. x2
A thrashing horror comes into view.
The harpy zombie claws you!
You block the harpy zombie's attack. 😮 HP[-19]
You take 19 damage, and now have 55/82 hp.
MASSIVE DAMAGE!! (PAUSE)
The harpy zombie closely misses you. You furiously retaliate!
You headbutt the harpy zombie. The harpy zombie closely misses you.
The harpy zombie claws you. The harpy zombie completely misses you.
The harpy zombie barely misses you.
The harpy zombie claws you but does no damage. 😮 HP[-3]
You take 3 damage, and now have 52/82 hp.
The harpy zombie completely misses you. The harpy zombie claws you!
You feel ill. 😮 HP[-7]
You take 7 damage, and now have 45/82 hp.
The harpy zombie claws you!
* * * LOW HITPOINT WARNING * * *
The harpy zombie barely misses you. 😨 HP[-12]
You take 12 damage, and now have 33/82 hp.
The harpy zombie claws you.
* * * LOW HITPOINT WARNING * * *
The harpy zombie claws you but does no damage.
The harpy zombie barely misses you.
The harpy zombie claws you but does no damage. 😨 HP[-6]
You take 6 damage, and now have 27/82 hp.
You slice the harpy zombie!! You headbutt the harpy zombie.
The harpy zombie claws you!
* * * LOW HITPOINT WARNING * * *
The harpy zombie claws you.
* * * LOW HITPOINT WARNING * * *
The harpy zombie closely misses you. You furiously retaliate!
You headbutt the harpy zombie!
The harpy zombie claws you but does no damage. 😱 HP[-14]
You take 14 damage, and now have 13/82 hp.
The harpy zombie barely misses you. You furiously retaliate!
You headbutt the harpy zombie! The harpy zombie claws you!
* * * LOW HITPOINT WARNING * * *
😱 HP[-9]
You take 9 damage, and now have 4/82 hp.
You slash the harpy zombie!
You destroy the harpy zombie!
That felt strangely unrewarding.
You hit the ancient zyme. The ancient zyme misses you.
The ancient zyme hits you but does no damage.
You feel ill.
You hit the ancient zyme but do no damage.
You headbutt the ancient zyme.
The ancient zyme hits you but does no damage.
The ancient zyme hits you!
You die...

Skill      XL: |  1  2  3  4  5  6  7  8  9 |
---------------+----------------------------+-----
Maces & Flails | 1 2 3 4 6 7 |  7.5
Fighting       | 4 5 6 7 8 |  8.5
Armour         | 4 5 6 7 8 |  8.5
Shields        | 4 5 6 7 8 |  8.5
Axes           | 3 4 5 6 8 |  8.1

Action                   |  1- 3 |  4- 6 |  7- 9 || total
-------------------------+-------+-------+-------++-------
Melee: War axe           |    81 |   100 |   307 ||   488
       Headbutt          |     7 |    18 |    56 ||    81
       Trident           |       |       |     1 ||     1
Throw: Boomerang         |       |     1 |       ||     1
       Javelin           |       |       |     1 ||     1
  Use: Scroll            |       |       |     3 ||     3
Armor: Scale mail        |    49 |    40 |    95 ||   184
       Steam dragon scal |       |       |    18 ||    18
Dodge: Dodged            |    30 |    50 |   160 ||   240
Block: Buckler           |    20 |    25 |    86 ||   131

Levels and vault maps discovered:
D:1:      lightli_arrival_maybe_door_vault, layout_rooms,
          shapermc_ecumenical_altar_mp_urbaneastern, serial_shops, shop,
          minmay_indecisive_spiral
D:2:      layout_rooms, serial_park_tiny_2
D:3:      layout_basic, uniq_jessica, uniq_robin, uniq_natasha
D:4:      minmay_spotlight, layout_cave_pools, chei_slow_surprise
D:5:      layout_loops_cross, lemuel_round_altar, nicolae_vehumet_altar_sigil,
          lightli_temple_of_fire
D:6:      layout_basic, chequers_temple_overflow_minitemple,
          lemuel_crystal_altar
D:7:      layout_loops_cross, lemuel_tele_altar, jmf_multi_god_temple2,
          minmay_temple_entry_crystal_x, serial_shops,
          nicolae_shop_window_shopping, minmay_unpleasant_kobolds, uniq_duvessa
D:8:      layout_gridville, chequers_big_river, uniq_maggie
D:9:      wad_guarded_room, layout_basic, mainiacjoe_overflow_small_starburst,
          hellmonk_ghost_happy_afterlife, minmay_gold_behind_fungi,
          nicolae_stop_n_shop_1, kennysheep_windowed_goal, uniq_erolcha,
          uniq_maurice, uniq_joseph
Temple:   dpeg_chambers_temple
Abyss:2:  base: D:3, evilmike_abyss_exit_chaos, evilmike_abyss_exit_glass

Notes
Turn   | Place    | Note
-------+----------+-------------------------------------------
     0 | D:1      | AmazingTV the Minotaur Fighter began the quest for the Orb.
     0 | D:1      | Reached XP level 1. HP: 19/19 MP: 0/0
     0 | D:1      | magus.rc [v1.9.6]
    18 | D:1      | You add the spells Conjure Flame, Ignite Poison and Sticky
                  | Flame to your library.
   199 | D:1      | Reached XP level 2. HP: 20/27 MP: 1/1
   499 | D:1      | Reached skill level 1 in Maces & Flails
   535 | D:1      | Reached skill level 4 in Fighting
   535 | D:1      | Reached skill level 4 in Armour
   535 | D:1      | Reached skill level 4 in Shields
   535 | D:1      | Reached XP level 3. HP: 33/33 MP: 2/2
   615 | D:1      | Reached skill level 3 in Axes
   621 | D:1      | Found a faded altar of an unknown god.
   636 | D:1      | Found Josm's Jewellery Boutique.
   959 | D:2      | You pick up a book of Cantrips and begin reading...
   959 | D:2      | You add the spells Animate Skeleton, Summon Small Mammal
                  | and Apportation to your library.
  1097 | D:2      | You pick up a book of Frost and begin reading...
  1097 | D:2      | You add the spells Freeze, Frozen Ramparts and Hailstorm to
                  | your library.
  1455 | D:2      | Reached XP level 4. HP: 32/40 MP: 3/3
  1643 | D:3      | Reached skill level 2 in Maces & Flails
  1782 | D:3      | Noticed Jessica
  1783 | D:3      | Killed Jessica
  1807 | D:3      | Reached XP level 5. HP: 47/47 MP: 4/4
  2005 | D:3      | Noticed Natasha
  2007 | D:3      | Noticed Robin
  2010 | D:3      | Killed Natasha
  2023 | D:3      | Killed Robin
  2032 | D:3      | HP: 8/47 [orc (5)]
  2035 | D:3      | Reached skill level 4 in Axes
  2082 | D:3      | HP: 10/47 [hobgoblin[Robin] (2)]
  2361 | D:3      | You pick up a book of Changes and begin reading...
  2361 | D:3      | You add the spells Beastly Appendage, Wereblood and Spider
                  | Form to your library.
  2869 | D:3      | Noticed Natasha
  2872 | D:3      | Killed Natasha
  2873 | D:3      | Reached XP level 6. HP: 50/55 MP: 5/5
  3489 | D:4      | Noticed a wyvern
  3497 | D:4      | Killed a wyvern
  3498 | D:4      | Reached skill level 5 in Fighting
  3498 | D:4      | Reached skill level 3 in Maces & Flails
  3498 | D:4      | Reached skill level 5 in Armour
  3498 | D:4      | Reached skill level 5 in Shields
  3776 | D:4      | Reached XP level 7. HP: 38/61 MP: 6/6
  3957 | D:4      | Found a snail-covered altar of Cheibriados.
  4132 | D:4      | Reached skill level 5 in Axes
  4132 | D:4      | Reached skill level 4 in Maces & Flails
  4606 | D:5      | Entered Level 5 of the Dungeon
  4674 | D:5      | Reached skill level 6 in Armour
  4680 | D:5      | Reached skill level 6 in Fighting
  4680 | D:5      | Reached skill level 6 in Shields
  4699 | D:5      | Reached XP level 8. HP: 65/70 MP: 7/7
  4855 | D:5      | Found a radiant altar of Vehumet.
  5109 | D:5      | Reached skill level 5 in Maces & Flails
  5220 | D:5      | You pick up a book of Power and begin reading...
  5220 | D:5      | You add the spells Iskenderun's Battlesphere, Iron Shot and
                  | Spellforged Servitor to your library.
  5246 | D:5      | Found a shimmering blue altar of Sif Muna.
  5303 | D:5      | Reached skill level 6 in Axes
  5332 | D:5      | You pick up a book of Cantrips and begin reading...
  5441 | D:5      | Found a burning altar of Makhleb.
  5831 | D:6      | Found an ancient bone altar of Kikubaaqudgha.
  5831 | D:6      | Found a faded altar of an unknown god.
  5838 | D:6      | Found a shimmering altar of Xom.
  5840 | D:6      | Found a broken altar of Ashenzari.
  5842 | D:6      | Found a faded altar of an unknown god.
  5949 | D:6      | Found an iron altar of Okawaru.
  5961 | D:6      | Became a worshipper of Warmaster Okawaru
  6071 | D:6      | You pick up a book of Dreams and begin reading...
  6071 | D:6      | You add the spells Ensorcelled Hibernation and Anguish to
                  | your library.
  6107 | D:6      | You pick up a book of Minor Magic and begin reading...
  6107 | D:6      | You add the spells Magic Dart and Mephitic Cloud to your
                  | library.
  6497 | D:6      | Reached skill level 7 in Armour
  6565 | D:6      | Reached skill level 7 in Fighting
  6565 | D:6      | Reached skill level 7 in Shields
  6878 | D:6      | Identified the ring "Elarux" {Ice rElec Will- rCorr Int+7}
  6903 | D:6      | Reached skill level 6 in Maces & Flails
  6996 | D:7      | Reached XP level 9. HP: 64/79 MP: 8/8
  7072 | D:7      | You add the spells Sting, Passwall and Ozocubu's
                  | Refrigeration to your library.
  7072 | D:7      | Got Zackizur's Handbook of the Frostbite and Transmigration
  7222 | D:7      | Reached * piety under Okawaru
  7223 | D:7      | Reached skill level 7 in Axes
  7478 | D:7      | Found Quruothra's Magic Scroll Boutique.
  7487 | D:7      | Bought a scroll of noise for 13 gold pieces
  7487 | D:7      | Bought a scroll of teleportation for 39 gold pieces
  7487 | D:7      | Bought a scroll of identify for 26 gold pieces
  7554 | D:7      | Found a staircase to the Ecumenical Temple.
  7597 | D:7      | You pick up a book of Necromancy and begin reading...
  7597 | D:7      | You add the spells Pain and Vampiric Draining to your
                  | library.
  7612 | Temple   | Entered the Ecumenical Temple
  7897 | D:7      | Found a bloodstained altar of Trog.
  8207 | D:7      | Noticed Dowan
  8209 | D:7      | Noticed Duvessa
  8217 | D:7      | Killed Duvessa
  8220 | D:7      | Killed Dowan
  8517 | D:7      | Found a large runed translucent door.
  8518 | D:7      | Found a large runed translucent door.
  8629 | D:7      | Found a hazy altar of Hepliaklqana.
  8634 | D:7      | Found an ornate altar of the Wu Jian Council.
  8738 | D:8      | Noticed Maggie
  8754 | D:8      | HP: 15/81 [Maggie/bolt of fire (19)]
  8756 | D:8      | HP: 3/81 [Maggie/bolt of fire (13)]
  8757 | D:8      | Killed Maggie
  8758 | D:8      | Reached skill level 8 in Fighting
  8758 | D:8      | Reached skill level 7 in Maces & Flails
  8758 | D:8      | Reached skill level 8 in Armour
  8758 | D:8      | Reached skill level 8 in Shields
  9701 | D:8      | Reached ** piety under Okawaru
  9789 | D:8      | Reached skill level 8 in Axes
 10664 | D:8      | Identified the +3 leather armour of the Goldsmith {rN+
                  | Dex-4 SInv}
 11178 | D:9      | Noticed Erolcha
 11184 | D:9      | You are cast into the Abyss!
 11184 | D:9      | Cast into level 2 of the Abyss (Erolcha)
 11263 | Abyss:2  | Noticed a glowing orange brain
 11265 | Abyss:2  | Noticed a large abomination
 11290 | Abyss:2  | Noticed an ancient zyme
 11294 | Abyss:2  | Noticed a spatial maelstrom
 11793 | Abyss:2  | Noticed a tormentor
 11917 | Abyss:2  | Noticed an ancient zyme
 11919 | Abyss:2  | Noticed a thrashing horror
 11925 | Abyss:2  | HP: 16/82 [harpy zombie (11)]
 11926 | Abyss:2  | HP: 4/82 [harpy zombie (9)]
 11929 | Abyss:2  | Mangled by an ancient zyme

Vanquished Creatures
  Maggie (D:8)
  A harpy zombie (Abyss:2)
  A wyvern (D:4)
  A wraith (Abyss:2)
  2 steam dragons (D:8)
  Duvessa (D:7)
  A water moccasin (D:8)
  An ice beast (D:6)
  3 orc warriors
  A necrophage (D:7)
  2 black bears
  2 centaurs (D:8)
  3 ogres
  A phantom (D:4)
  2 kobold brigands
  3 bullfrogs
  4 scorpions
  A wyvern skeleton (D:7)
  Dowan (D:7)
  3 killer bees (D:7)
  2 wights (Abyss:2)
  An electric eel (D:8)
  4 howler monkeys
  A hound (D:5)
  2 centaur zombies (D:7)
  A jelly (D:6)
  A bullfrog skeleton (D:5)
  A bullfrog zombie (D:6)
  3 orc priests
  Jessica (D:3)
  Natasha (twice) (D:3)
  4 iguanas
  2 orc wizards (D:4)
  A hound zombie (D:5)
  A hound skeleton (D:4)
  Robin (D:3)
  A howler monkey zombie (D:7)
  A gnoll (D:1)
  10 adders
  A howler monkey skeleton (D:4)
  A white imp (D:7)
  An ufetubus (D:5)
  2 adder skeletons
  2 worms (D:4)
  A dart slug (D:3)
  19 orcs
  5 ball pythons
  5 endoplasms
  3 giant cockroaches (D:1)
  12 goblins
  14 hobgoblins
  3 jackals (D:1)
  4 quokkas
  8 bats
  5 frilled lizards
  14 kobolds
  2 rats (D:2)
177 creatures vanquished.

Vanquished Creatures (others)
  A centaur skeleton (Abyss:2)
1 creature vanquished.

Grand Total: 178 creatures vanquished

Table legend:
 A = Non-vault XP
 B = Vault XP
 C = Vault XP percentage of total XP
 D = Non-vault monster count
 E = Vault monster count
 F = Vault count percentage of total count
                 A         B        C        D         E       F
            +---------+---------+-------+---------+---------+-------
      Total |    4454 |     998 |  18.3 |     141 |      36 |  20.3
            +---------+---------+-------+---------+---------+-------
        D:1 |      51 |       5 |   8.9 |      21 |       4 |  16.0
        D:2 |      46 |       0 |   0.0 |      13 |       0 |   0.0
        D:3 |     176 |     111 |  38.7 |      24 |      15 |  38.5
        D:4 |     593 |     166 |  21.9 |      20 |       6 |  23.1
        D:5 |     758 |       0 |   0.0 |      16 |       0 |   0.0
        D:6 |     790 |       0 |   0.0 |      11 |       0 |   0.0
        D:7 |     847 |     331 |  28.1 |      15 |      10 |  40.0
        D:8 |    1193 |     385 |  24.4 |      17 |       1 |   5.6
    Abyss:2 |       0 |       0 |   N/A |       4 |       0 |   0.0
            +---------+---------+-------+---------+---------+-------

Illustrated notes

Table legend:
 A = Kills in this place as a percentage of kills in entire the game.
 B = Kills by you in this place as a percentage of kills by you in the entire game.
 C = Kills by friends in this place as a percentage of kills by friends in the entire game.
 D = Other kills in this place as a percentage of other kills in the entire game.
 E = Experience gained in this place as a percentage of experience gained in the entire game.
 F = Experience gained in this place divided by the number of levels of this place that you have seen.
                   A       B       C       D       E      F
               +-------+-------+-------+-------+-------+----------------------
         Total | 100.0 | 100.0 |   N/A |   N/A | 100.0 | 495.6
       Dungeon |  97.7 |  97.7 |   N/A |   N/A | 100.0 | 605.8
         Abyss |   2.3 |   2.3 |   N/A |   N/A |   0.0 |   0.0
               +-------+-------+-------+-------+-------+----------------------

Table legend: (Time is in decaauts)
 A = Elapsed time spent in this place.
 B = Non-inter-level travel time spent in this place.
 C = Inter-level travel time spent in this place.
 D = Time resting spent in this place.
 E = Time spent auto-exploring this place.
 F = Levels seen in this place.
 G = Mean time per level.
                   A        B        C        D        E       F      G
               +--------+--------+--------+--------+--------+-----+--------+
         Total |  12058 |  11177 |    881 |   2725 |   6970 |  11 | 1096.2 |
       Dungeon |  11095 |  10225 |    870 |   2413 |   6579 |   9 | 1232.8 |
        Temple |    210 |    199 |     11 |      0 |    189 |   1 |  210.0 |
         Abyss |    751 |    751 |      0 |    312 |    202 |   1 |  751.0 |
               +--------+--------+--------+--------+--------+-----+--------+

Top non-repeatable levels by time:
     D:8: 2516 daAuts
     D:3: 1857 daAuts
     D:7: 1494 daAuts
     D:6: 1335 daAuts
     D:4: 1171 daAuts
     D:5: 1061 daAuts
     D:1: 886 daAuts
     D:2: 765 daAuts
 Abyss:2: 751 daAuts
  Temple: 210 daAuts
     D:9: 5 daAuts
